 Dungeon Crawl Stone Soup version 0.30-a0-738-g116ff8c4af (webtiles) character file.

Game seed: 18079681228760575495

56498 gelatine the Severer (level 14, -21/111 HPs)
             Began as a Demonspawn Fighter on Feb 4, 2023.
             Was an Elder of Qazlal.
             Demolished by an enormous slime creature (67 damage)
             ... on level 12 of the Dungeon.
             The game lasted 00:49:54 (18475 turns).

gelatine the Severer (Demonspawn Fighter)          Turns: 18475, Time: 00:49:54

Health: -21/111    AC: 27    Str: 22    XL:     14   Next: 42%
Magic:  20/20      EV: 15    Int: 17    God:    Qazlal [****..]
Gold:   868        SH:  9    Dex: 17    Spells: 13/13 levels left

rFire   x . .      SeeInvis .    b - +4 battleaxe (chaos)
rCold   . . .      Faith    .    (shield currently unavailable)
rNeg    . . .      Spirit   .    z - +1 plate armour
rPois   .          Reflect  .    H - +2 hat
rElec   .          Harm     .    C - scarf {shadows}
rCorr   .          Rampage  .    g - +2 pair of gloves
Will    ++...      Rage     3%   O - +2 pair of boots Stlth
                                 (no amulet)
HPRegen 0.38/turn                j - +6 ring of dexterity
MPRegen 0.17/turn                M - ring of willpower

@: agile, repel missiles
A: icemail 1, powered by pain 2, big brain 2, condensation shield, demonic touch
2, berserk 1, clever 1, heat vulnerability 1
a: Renounce Religion, Upheaval, Elemental Force


You were on level 12 of the Dungeon.
You worshipped Qazlal.
Qazlal was greatly pleased with you.
You visited 4 branches of the dungeon, and saw 19 of its levels.
You also visited: Ossuary.

You collected 868 gold pieces.

Inventory:

Hand Weapons
 a - a +1 war axe
 b - a +4 battleaxe of chaos (weapon)
 S - the +6 spear of the Illusory Knaves {flame, MP+9 SInv}
   (You found it on level 4 of the Lair of Beasts)

   MP:        It affects your magic capacity (+9).
   SInv:      It lets you see invisible.
Missiles
 J - 5 boomerangs (quivered)
 N - 8 curare-tipped darts
 W - 2 atropa-tipped darts
Armour
 c - a +0 buckler
 g - a +2 pair of gloves (worn)
 h - a +0 helmet
 z - a +1 plate armour (worn)
 C - a scarf of shadows (worn)
 H - a +2 hat (worn)
 L - +0 steam dragon scales
 O - a +2 pair of boots (worn)
Jewellery
 j - a +6 ring of dexterity (left hand)
 w - a ring of magical power
 M - a ring of willpower (right hand)
 Y - a ring of fire
Wands
 u - a wand of roots (8)
 G - a wand of polymorph (6)
 I - a wand of digging (6)
 K - a wand of light (15)
Scrolls
 e - a scroll of silence
 k - 4 scrolls of noise
 m - 2 scrolls of fog
 o - 7 scrolls of teleportation
 p - 4 scrolls of enchant weapon
 q - 2 scrolls of amnesia
 r - 3 scrolls of torment
 v - 3 scrolls of immolation
 y - a scroll of vulnerability
 E - 2 scrolls of identify
 P - a scroll of summoning
 Q - 2 scrolls of magic mapping
 T - a scroll of poison
Potions
 i - 4 potions of magic
 l - 17 potions of curing
 t - 4 potions of flight
 x - 5 potions of lignification
 A - a potion of ambrosia
 B - 2 potions of brilliance
 D - 2 potions of attraction
 Z - a potion of resistance
Miscellaneous
 f - a phantom mirror
 R - a tin of tremorstones (2/2)
 U - a piece from Xom's chessboard (15/15)


   Skills:
 * Level 10.6 Fighting
 + Level 0.2 Short Blades
 * Level 15.4 Axes
 + Level 2.6 Throwing
 * Level 8.3 Armour
 * Level 7.6 Dodging
 + Level 1.3 Stealth
 * Level 7.9 Shields
 * Level 8.3 Invocations
 + Level 5.1 Evocations


You had 13 spell levels left.
You didn't know any spells.
Your spell library contained the following spells:

 Spells                   Type           Power      Damage    Failure   Level
 Shock                    Conj/Air       0%         1d3       98%         1
 Sting                    Tmut/Pois      0%         1d3       98%         1
 Blink                    Tloc           0%         N/A       99%         2
 Ensorcelled Hibernation  Hex/Ice        0%         N/A       99%         2
 Lesser Beckoning         Tloc           0%         N/A       99%         2
 Poisonous Vapours        Pois/Air       0%         N/A       99%         2
 Scorch                   Fire           0%         2d5       99%         2
 Static Discharge         Conj/Air       0%         2-2/arc   99%         2
 Gell's Gravitas          Tloc           0%         N/A       100%        3
 Inner Flame              Hex/Fire       0%         N/A       100%        3
 Portal Projectile        Hex/Tloc       0%         N/A       100%        3
 Spider Form              Tmut/Pois      0%         N/A       100%        3
 Swiftness                Air            0%         N/A       100%        3
 Teleport Other           Tloc           0%         N/A       100%        3
 Tukima's Dance           Hex            0%         N/A       100%        3
 Vhi's Electric Charge    Tloc/Air       0%         N/A       100%        3
 Airstrike                Air            0%         2d(0-16)  100%        4
 Anguish                  Hex/Necr       0%         N/A       100%        4
 Animate Armour           Summ/Erth      0%         N/A       100%        4
 Cause Fear               Hex            0%         N/A       100%        4
 Flame Wave               Conj/Fire      0%         2d4       100%        4
 Manifold Assault         Tloc           0%         N/A       100%        4
 Olgreb's Toxic Radiance  Pois           0%         N/A       100%        4
 Summon Lightning Spire   Summ/Air       0%         N/A       100%        4
 Arcjolt                  Conj/Air       0%         1d10      100%        5
 Blade Hands              Tmut           0%         N/A       100%        5
 Lightning Bolt           Conj/Air       0%         1d11      100%        5
 Iron Shot                Conj/Erth      0%         9d1       100%        6
 Summon Cactus Giant      Summ           0%         N/A       100%        6
 Storm Form               Tmut/Air       0%         N/A       100%        7
 Discord                  Hex            0%         N/A       100%        8


Dungeon Overview and Level Annotations

Branches:
Dungeon (12/15)            Temple (1/1) D:5            Lair (5/5) D:8
 Shoals (1/4) Lair:2        Snake (0/4) Lair:2        Slime (0/5) Lair:4
Ossuary (visited)
    Orc: D:9-12

Altars:
Ashenzari
Cheibriados
Dithmenos
Fedhas
Gozag
Hepliaklqana
Kikubaaqudgha
Makhleb
Nemelex Xobeh
Okawaru
Qazlal
Ru
Sif Muna
Trog
Uskayaw
Vehumet
Wu Jian
Xom
Yredelemnul

Shops:
D:10 [


Innate Abilities, Weirdness & Mutations

A meltable icy envelope protects you from harm. (AC +4)
You sometimes gain power by taking damage.
You have an extremely huge brain. (Int +4)
A meltable shield of frost defends you. (SH +4)
Your touch may inflict irresistible damage on your foes.
You sometimes lose your temper in combat.
Your mind is acute. (Int +4, Str/Dex -1)
You are vulnerable to heat. (rF-)


Message History

You slice the troll!! Lightning courses through the troll!
You kill the troll!
Qazlal accepts your kill.
You hit the slime creature.
You hear a shout!
The slime creature barely misses you.
Two slime creatures merge to form a very large slime creature.
The slime creature hits you but does no damage.
The slime creature misses you.
You slice the slime creature!!
The slime creature seems to grow stronger.
The slime creature is almost dead.
You hit the slime creature. You freeze the slime creature.
Two slime creatures merge to form a large slime creature.
Two slime creatures merge to form an enormous slime creature.
The large slime creature attacks as you move away!
The large slime creature hits you but does no damage.
You hear a shout!
You completely miss the large slime creature.
The large slime creature is heavily wounded.
A large slime creature splits.
You block the slime creature's attack.
There is a stone staircase leading up here.
You barely miss the slime creature.
The slime creature is heavily wounded.
You slash the slime creature!
Nothing appears to happen.
You slash the enormous slime creature!
Space warps horribly around the enormous slime creature!
The slime creature is engulfed in freezing vapours.
The slime creature hits you! The enormous slime creature hits you!!!
You focus on the pain.
You feel agile all of a sudden.
The slime creature hits you but does no damage.
The slime creature is engulfed in freezing vapours.
You kill the slime creature!
Qazlal accepts your kill.
The enormous slime creature attacks as you move away!
The enormous slime creature hits you!!!
Ouch! That really hurt!
You die...

#.....
#.....#
#$....#
###.....###
.......○..
....°.○.#
#....J@#
#....J##
#.....+
#......#
......###
..#.#.
......
..#.#.
#.....


You could see an enormous slime creature and a slime creature (fast, strong,
drained).

Vanquished Creatures
  The ghost of jejorda2 the Impaler, a journeyman MfBe of Trog (Lair:4)
  3 hydras
  3 catoblepae (Lair:5)
  A merfolk aquamancer (Shoals:1)
  2 two-headed ogres
  A boulder beetle (Lair:5)
  10 death yaks (Lair:5)
  Nergalle (Lair:3)
  Sonja (Lair:3)
  The ghost of Sylvie the Cleaver, a novice HOFi of Beogh (D:7)
  A sixfirhy (D:10)
  2 manticores (Lair:5)
  An ugly thing (D:11)
  4 oklob plants (Lair:4)
  4 elephants (Lair:4)
  3 merfolk sirens (Lair:2)
  2 black mambas (Lair:5)
  A torpor snail (Lair:4)
  A rust devil (D:10)
  An eye of devastation (Lair:4)
  2 orange demons (D:10)
  10 cane toads
  A rime drake (Lair:3)
  2 ice devils (D:10)
  10 komodo dragons
  A red devil (D:10)
  4 trolls
  Grinder (D:5)
  A merfolk (Lair:2)
  3 polar bears
  17 blink frogs
  7 dream sheep (Lair:5)
  A slime creature (D:12)
  64 yaks
  3 water elementals (Shoals:1)
  3 wraiths
  4 wyverns
  8 basilisks
  A chaos spawn (D:10)
  2 steam dragons
  4 vampire mosquitoes (D:11)
  Menkaure (D:7)
  12 water moccasins
  Duvessa (D:7)
  A warg (D:7)
  A floating eye (Lair:4)
  4 orc warriors
  An ogre (D:7)
  4 ice beasts
  5 black bears
  A wolf (D:8)
  7 centaurs
  2 phantoms
  A kobold brigand (D:8)
  7 necrophages
  17 bullfrogs
  A gnoll sergeant (D:10)
  3 scorpions
  2 water moccasin zombies (D:4)
  12 wights
  Dowan (D:7)
  15 killer bees
  2 electric eels
  6 howler monkeys
  5 centaur zombies (Ossuary)
  3 hounds
  3 quasits (D:10)
  A bullfrog zombie (D:4)
  2 human zombies
  A gnoll bouda (D:7)
  2 jellies
  7 orc priests
  2 iguanas
  4 orc wizards
  A hound zombie (D:4)
  3 mummies
  3 gnolls (D:7)
  6 adders
  A shadow imp (D:7)
  A white imp (D:7)
  4 adder zombies
  3 worms
  5 dart slugs
  26 orcs
  10 ball pythons
  7 bats
  6 endoplasms
  3 giant cockroaches
  7 goblins
  5 hobgoblins
  3 jackals (D:5)
  7 kobolds
  3 quokkas
  3 frilled lizards
  A goblin zombie (D:7)
  10 hobgoblin zombies
  2 jackal zombies (Ossuary)
  9 kobold zombies (Ossuary)
  9 orc zombies (Ossuary)
  8 rats
476 creatures vanquished.

Vanquished Creatures (collateral kills)
  A hydra (Lair:5)
  A cane toad (Lair:5)
2 creatures vanquished.

Vanquished Creatures (others)
  2 yak zombies (Lair:5)
  3 gnolls (D:10)
  3 demonic plants (D:10)
  25 fungi
  45 plants
  2 withered plants (D:7)
80 creatures vanquished.

Grand Total: 558 creatures vanquished

Notes
Turn   | Place    | Note
-------+----------+-------------------------------------------
     0 | D:1      | gelatine the Demonspawn Fighter began the quest for the
                  | Orb.
     0 | D:1      | Reached XP level 1. HP: 18/18 MP: 1/1
    72 | D:1      | Gained mutation: You have an unusually large brain. (Int
                  | +2) [demonic ancestry]
    72 | D:1      | Reached XP level 2. HP: 20/24 MP: 2/2
   152 | D:1      | Reached skill level 2 in Axes
   454 | D:1      | Reached XP level 3. HP: 29/29 MP: 3/3
   966 | D:2      | Reached skill level 3 in Axes
  1162 | D:2      | Gained mutation: A meltable shield of frost defends you.
                  | (SH +4) [demonic ancestry]
  1162 | D:2      | Reached XP level 4. HP: 35/35 MP: 4/4
  1671 | D:3      | Found a blossoming altar of Fedhas.
  2038 | D:4      | Noticed a scorpion
  2041 | D:4      | Killed a scorpion
  2042 | D:4      | Gained mutation: You sometimes gain a little power by
                  | taking damage. [demonic ancestry]
  2042 | D:4      | Reached XP level 5. HP: 41/41 MP: 5/5
  2086 | D:4      | Reached skill level 1 in Throwing
  2092 | D:4      | Reached skill level 1 in Dodging
  2100 | D:4      | Reached skill level 4 in Axes
  2100 | D:4      | Reached XP level 6. HP: 13/48 MP: 6/6
  2483 | D:4      | Reached XP level 7. HP: 52/54 MP: 7/7
  2500 | D:4      | Reached skill level 5 in Axes
  2502 | D:4      | Found an ancient bone altar of Kikubaaqudgha.
  2810 | D:5      | Entered Level 5 of the Dungeon
  2919 | D:5      | Reached skill level 6 in Axes
  2919 | D:5      | Reached XP level 8. HP: 27/61 MP: 8/8
  2925 | D:5      | Identified the +8 dagger of the Depths {chaos, Int+3}
  3052 | D:5      | Noticed Grinder
  3054 | D:5      | Paralysed by Grinder for 4 turns
  3069 | D:5      | Killed Grinder
  3475 | D:5      | Reached skill level 5 in Fighting
  3491 | D:5      | Found a sparkling altar of Nemelex Xobeh.
  4026 | D:5      | Found a staircase to the Ecumenical Temple.
  4357 | Temple   | Entered the Ecumenical Temple
  4411 | Temple   | Became a worshipper of Qazlal Stormbringer
  4453 | D:6      | Reached skill level 7 in Axes
  4548 | D:6      | Found an opulent altar of Gozag.
  4887 | D:6      | Gained mutation: Your touch may inflict minor irresistible
                  | damage on your foes. [demonic ancestry]
  4887 | D:6      | Reached XP level 9. HP: 68/68 MP: 9/9
  4909 | D:6      | Found a snail-covered altar of Cheibriados.
  5290 | D:7      | Reached skill level 8 in Axes
  5394 | D:7      | Found a sand-covered staircase.
  5403 | Ossuary  | Entered an ossuary
  5444 | Ossuary  | Reached * piety under Qazlal
  5630 | Ossuary  | Reached ** piety under Qazlal
  5931 | D:7      | Noticed Duvessa
  5936 | D:7      | Noticed Dowan
  5937 | D:7      | Killed Duvessa
  5939 | D:7      | Killed Dowan
  5960 | D:7      | Noticed Menkaure
  5970 | D:7      | Killed Menkaure
  5971 | D:7      | Reached skill level 9 in Axes
  6120 | D:7      | Found a runed translucent door.
  6122 | D:7      | Noticed Sylvie's ghost (novice HOFi)
  6260 | D:7      | Killed Sylvie's ghost
  6261 | D:7      | Reached skill level 5 in Armour
  6425 | D:8      | Gained mutation: Your touch may inflict irresistible damage
                  | on your foes. [demonic ancestry]
  6425 | D:8      | Reached XP level 10. HP: 68/77 MP: 10/10
  6428 | D:8      | Reached skill level 5 in Shields
  6463 | D:8      | Reached skill level 10 in Axes
  6612 | D:8      | Reached *** piety under Qazlal
  6730 | D:8      | Found a staircase to the Lair.
  7024 | D:8      | You fall into a shaft and drop 1 floor!
  7202 | D:9      | Reached skill level 11 in Axes
  7203 | D:9      | Reached skill level 1 in Invocations
  7211 | D:9      | Reached skill level 1 in Evocations
  7211 | D:9      | Gained mutation: A meltable icy envelope protects you from
                  | harm. (AC +4) [demonic ancestry]
  7211 | D:9      | Reached XP level 11. HP: 36/84 MP: 11/11
  7383 | D:9      | Identified the +3 long sword of Imbalance {holy, rElec rC-
                  | SInv Stlth+}
  7634 | D:9      | Reached **** piety under Qazlal
  8097 | D:9      | Noticed a two-headed ogre
  8109 | D:9      | Killed a two-headed ogre
  8110 | D:9      | Reached skill level 5 in Dodging
  8600 | D:10     | Entered Level 10 of the Dungeon
  8913 | D:10     | Found Waenuylo's Armour Emporium.
  8924 | D:10     | Noticed a sixfirhy
  8930 | D:10     | Killed a sixfirhy
  9105 | D:10     | Noticed a lindwurm
  9107 | D:10     | Noticed a lindwurm
  9107 | D:10     | Noticed a lindwurm
  9108 | D:10     | Noticed a lindwurm
  9442 | Lair:1   | Entered Level 1 of the Lair of Beasts
  9450 | Lair:1   | Reached skill level 12 in Axes
  9914 | D:8      | Found an ornate altar of the Wu Jian Council.
 10038 | Lair:1   | Reached ***** piety under Qazlal
 10384 | Lair:2   | Reached XP level 12. HP: 82/94 MP: 14/14
 10597 | Lair:2   | Found a staircase to the Shoals.
 10795 | Lair:2   | Found a staircase to the Snake Pit.
 11185 | Shoals:1 | Entered Level 1 of the Shoals
 11185 | Shoals:1 | Noticed a merfolk aquamancer
 11189 | Shoals:1 | Killed a merfolk aquamancer
 11193 | Shoals:1 | Noticed a merfolk impaler
 11497 | Lair:3   | Reached skill level 13 in Axes
 11574 | Lair:3   | Noticed Sonja
 11580 | Lair:3   | Killed Sonja
 11594 | Lair:3   | Reached skill level 5 in Invocations
 11693 | Lair:3   | Noticed Nergalle
 11710 | Lair:3   | Killed Nergalle
 11893 | Lair:3   | Reached skill level 5 in Evocations
 11923 | Lair:3   | Noticed a seven-headed hydra
 12605 | Lair:3   | Killed a 15-headed hydra
 12998 | Lair:4   | Noticed a four-headed hydra
 13020 | Lair:4   | Killed a four-headed hydra
 13021 | Lair:4   | Gained mutation: You sometimes gain power by taking damage.
                  | [demonic ancestry]
 13021 | Lair:4   | Reached XP level 13. HP: 78/101 MP: 0/17
 13203 | Lair:4   | Found a staircase to the Slime Pits.
 13219 | Lair:4   | Paralysed by a floating eye for 3 turns
 13792 | Lair:4   | Reached skill level 14 in Axes
 13904 | Lair:4   | Found a large runed translucent door.
 13904 | Lair:4   | Found a large runed translucent door.
 13905 | Lair:4   | Noticed jejorda2's ghost (journeyman MfBe)
 13919 | Lair:4   | Killed jejorda2's ghost
 13927 | Lair:4   | Identified the +6 spear of the Illusory Knaves {flame, MP+9
                  | SInv}
 14459 | Lair:5   | Entered Level 5 of the Lair of Beasts
 14624 | Lair:5   | HP: 3/102 [death yak (11)]
 15172 | Lair:5   | Reached skill level 1 in Stealth
 15186 | Lair:5   | Reached skill level 10 in Fighting
 15546 | Lair:5   | Gained mutation: You have an extremely huge brain. (Int +4)
                  | [demonic ancestry]
 15546 | Lair:5   | Reached XP level 14. HP: 84/110 MP: 19/19
 15699 | Lair:5   | Reached skill level 15 in Axes
 16398 | Lair:5   | Identified the +8 quarterstaff "Aubergine" {protect, Str+2}
 18166 | D:11     | Gained mutation: You sometimes lose your temper in combat.
                  | [potion of mutation]
 18166 | D:11     | Gained mutation: You are vulnerable to heat. (rF-) [potion
                  | of mutation]
 18166 | D:11     | Gained mutation: Your mind is acute. (Int +4, Str/Dex -1)
                  | [potion of mutation]
 18475 | D:12     | Demolished by an enormous slime creature

Illustrated notes

Levels and vault maps discovered:
D:1:      grunt_arrival_crossed_arrows, layout_basic
D:2:      layout_loops_ring
D:3:      layout_loops_ring, mainiacjoe_overflow_brackets
D:4:      layout_cave_pools, lemuel_mausoleum_altar_kikubaaqudgha, zin_treasury
D:5:      layout_layer_cave, temple_pool_b, minmay_ruined_shrine, uniq_grinder
D:6:      layout_cave_pools, nicolae_gozag_seed_capital, kennysheep_slug_shrine
D:7:      layout_basic, gammafunk_ghost_grave, nicolae_ossuary_entry_giza,
          uniq_menkaure, uniq_duvessa
D:8:      layout_rooms, lemuel_crystal_altar, minmay_lair_entry_grove,
          serial_glass, glass_columns_c, glass_columns_b, glass_columns_b,
          glass_columns_b, glass_columns_c, glass_columns_b, glass_columns_b,
          glass_columns_a, st_stairs_3, roderic_serpentine_path
D:9:      layout_loops_corners, minmay_puff
D:10:     layout_basic, serial_demonic, serial_demonic_c, serial_demonic_f,
          serial_demonic_g, serial_demonic_f, serial_shops,
          nicolae_shop_waterfront, chequers_serial_rivers_marsh,
          minmay_lindwurm_lava
D:11:     layout_cave_pools
D:12:     layout_basic, orc_0_dummy, gauntlet_entry_generic, serial_shops,
          nicolae_shop_window_shopping, serial_glass, glass_columns_a,
          glass_columns_b, glass_columns_b, glass_columns_b, glass_columns_c,
          glass_columns_c, feat_on_display, kennysheep_generic_room_12
Temple:   nicolae_temple_x_marks_the_god
Lair:1:   layout_roguey
Lair:2:   layout_hall_layers, elwin_shoals_entry_stream, dummy_snake_entry,
          small_statue_intersection, grunt_megastairs_3,
          infiniplex_staircase_pool, lemuel_fruit_tree
Lair:3:   layout_roguey, beast_lair_carwin_7, serial_bayou_shore_b,
          uniq_nergalle, uniq_sonja
Lair:4:   minmay_lair_oklob_chamber, layout_misc_corridors,
          minmay_slime_entry_eyes, ebering_ghost_disaster_area
Lair:5:   evilmike_catoblepas_cave, layout_long_grid, serial_bayou_shore_a
Shoals:1: layout_shoals, nicolae_shoals_hidden_pirate_stash

Skill      XL: |  1  2  3  4  5  6  7  8  9 10 11 12 13 14 |
---------------+-------------------------------------------+-----
Armour         | 3 4 5 6 7 8 |  8.3
Axes           | 2 3 4 6 7 9 11 12 13 14 15 | 15.4
Shields        | 3 4 5 6 7 |  7.9
Throwing       | 1 2 |  2.6
Dodging        | 1 2 3 4 5 6 7 |  7.6
Fighting       | 4 5 6 7 8 9 10 | 10.6
Invocations    | 1 3 5 7 8 |  8.3
Evocations     | 1 3 5 |  5.1
Stealth        | 1 |  1.3
Short Blades   | |  0.2

Action                     |  1- 3 |  4- 6 |  7- 9 | 10-12 | 13-15 || total
---------------------------+-------+-------+-------+-------+-------++-------
  Melee: War axe           |   119 |   104 |    37 |       |       ||   260
         Battleaxe         |       |       |   264 |   530 |   352 ||  1146
         Dagger            |       |       |    11 |       |       ||    11
  Throw: Boomerang         |       |       |     4 |    18 |    21 ||    43
         Dart              |       |       |     4 |       |       ||     4
 Invoke: Upheaval          |       |       |       |     4 |    12 ||    16
         Elemental Force   |       |       |       |     1 |     1 ||     2
    Use: Potion            |       |     4 |     1 |     8 |     4 ||    17
         Scroll            |       |     7 |     6 |    10 |     7 ||    30
   Stab: Petrified         |       |       |       |       |     7 ||     7
         Petrifying        |       |       |       |       |     1 ||     1
         Paralysed         |       |       |       |       |     1 ||     1
         Confused          |       |       |       |       |     2 ||     2
 Armour: Scale mail        |    65 |    34 |       |       |       ||    99
         Skin              |       |     5 |       |       |       ||     5
         Chain mail        |       |    15 |   163 |   381 |   107 ||   666
         Plate armour      |       |       |       |       |    47 ||    47
  Dodge: Dodged            |    65 |    39 |   115 |   315 |   103 ||   637
         Repelled          |       |       |       |       |     6 ||     6
  Block: Buckler           |    25 |    65 |    15 |       |       ||   105
         Other             |       |       |    58 |   307 |   121 ||   486

Table legend: (Time is in decaauts)
 A = Elapsed time spent in this place.
 B = Non-inter-level travel time spent in this place.
 C = Inter-level travel time spent in this place.
 D = Time resting spent in this place.
 E = Time spent auto-exploring this place.
 F = Levels seen in this place.
 G = Mean time per level.
                   A        B        C        D        E       F      G
               +--------+--------+--------+--------+--------+-----+--------+
         Total |  18738 |  17684 |   1054 |      0 |  14058 |  20 |  936.9 |
       Dungeon |  11538 |  10780 |    758 |      0 |   8517 |  12 |  961.5 |
        Temple |     64 |     55 |      9 |      0 |     46 |   1 |   64.0 |
          Lair |   6840 |   6553 |    287 |      0 |   5375 |   5 | 1368.0 |
        Shoals |     11 |     11 |      0 |      0 |      0 |   1 |   11.0 |
       Ossuary |    282 |    282 |      0 |      0 |    120 |   1 |  282.0 |
               +--------+--------+--------+--------+--------+-----+--------+

Top non-repeatable levels by time:
  Lair:5: 2061 daAuts
  Lair:4: 1754 daAuts
     D:9: 1747 daAuts
     D:5: 1591 daAuts
    D:10: 1523 daAuts
  Lair:3: 1398 daAuts
  Lair:2: 1220 daAuts
     D:8: 1202 daAuts
     D:7: 1097 daAuts
     D:4: 856 daAuts
    D:11: 818 daAuts
     D:2: 726 daAuts
     D:1: 667 daAuts
     D:6: 649 daAuts
     D:3: 644 daAuts
